 Dungeon Crawl Stone Soup version 0.26-a0-663-g36e8fdb655 (webtiles) character file.

Game seed: 7874317930290785117

294607 anKLM the Cutthroat (level 20, -2/178 HPs)
             Began as a Vampire Gladiator on Oct 11, 2020.
             Was an Initiate of Gozag.
             Slain by a spriggan
             ... wielding a +0 rapier
             ... led by the Enchantress
              (9 damage)
             ... on level 1 of the Depths.
             The game lasted 02:08:56 (35966 turns).

anKLM the Cutthroat (Vampire Gladiator)            Turns: 35966, Time: 02:08:57

Health: -2/178     AC: 31    Str: 23    XL:     20   Next: 4%
Magic:  19/20      EV: 19    Int: 10    God:    Gozag
Gold:   7526       SH:  0    Dex: 28    Spells: 19/19 levels left

rFire    . . .     SeeInvis +   M - +9 rapier "Iresitel" {speed, rC+ Dex+6}
rCold    + . .     Faith    .   (no shield)
rNeg     . . .     Spirit   .   w - +6 chain mail of the Chupacabra {*Contam +Blink Regen+ Stlth+}
rPois    +         Reflect  .   z - +1 helmet of the Minstrel {Str+4 Dex+3}
rElec    .         Harm     .   l - +2 cloak {MR+}
rCorr    +         Rampage  .   R - +2 pair of gloves
MR       +++..                  X - +2 pair of boots {Fly}
Stlth    ..........             f - amulet of regeneration
HPRegen  1.39/turn              k - ring of resist corrosion
MPRegen  0.17/turn              S - ring of poison resistance

@: mighty, gold aura, flying, regenerating quickly
A: fangs 3, see invisible, unbreathing
}: 2/15 runes: decaying, serpentine
a: Exsanguinate, Potion Petition, Call Merchant, Bribe Branch, Renounce
Religion, Evoke Blink, Stop Flying


You were on level 1 of the Depths.
You worshipped Gozag.
Gozag was greatly pleased with you.
You visited 7 branches of the dungeon, and saw 33 of its levels.
You also visited: Bailey and Volcano.

You collected 16650 gold pieces.
You spent 4725 gold pieces at shops.
You paid 4399 gold pieces to Gozag.

Inventory:

Hand Weapons
 g - the +12 glaive of Prune {vorpal}
   (You found it on level 14 of the Dungeon)

   It inflicts extra damage upon your enemies.
 o - a +7 dagger of venom
 p - a +3 demon blade of draining
 M - the +9 rapier "Iresitel" (weapon) {speed, rC+ Dex+6}
   (You acquired it in a bailey)

   Attacks with this weapon are significantly faster.
   It affects your dexterity (+6).
   It protects you from cold.
Missiles
 d - 4 throwing nets (quivered)
 q - 62 boomerangs
 Q - 86 poisoned darts
 W - 11 curare-tipped darts
Armour
 l - a +2 cloak of magic resistance (worn)
 s - the +0 ring mail of Ashenzari's Hope {+Fly rF+ MR+ MP+9}
   (You found it on level 6 of the Lair of Beasts)

   It protects you from fire.
   It affects your resistance to hostile enchantments.
   It affects your magic capacity (+9).
   It lets you fly.
 w - the +6 chain mail of the Chupacabra (worn) {*Contam +Blink Regen+ Stlth+}
   (You bought it in a shop on level 2 of the Orcish Mines)

   It lets you blink.
   It causes magical contamination when unequipped.
   It increases your rate of regeneration.
   It makes you more stealthy.
 z - the +1 helmet of the Minstrel (worn) {Str+4 Dex+3}
   (You bought it in a shop on level 2 of the Orcish Mines)

   It affects your strength (+4).
   It affects your dexterity (+3).
 A - the +8 chain mail of Okawaru's Delight {rF+ rC++ Int-2}
   (You bought it in a shop on level 4 of the Snake Pit)

   It affects your intelligence (-2).
   It protects you from fire.
   It greatly protects you from cold.
 G - +3 fire dragon scales
 N - a scarf of resistance
 R - a +2 pair of gloves (worn)
 U - the +6 plate armour "Irih" {Str-3 Dex+5}
   (You bought it in a shop on level 12 of the Dungeon)

   It affects your strength (-3).
   It affects your dexterity (+5).
 X - a +2 pair of boots of flying (worn)
 Y - a +2 helmet
Jewellery
 f - an amulet of regeneration (around neck)
 k - a ring of resist corrosion (left hand)
 S - a ring of poison resistance (right hand)
Wands
 m - a wand of polymorph (18)
 r - a wand of random effects (48)
 y - a wand of acid (65)
 C - a wand of digging (14)
 D - a wand of flame (27)
 F - a wand of disintegration (27)
 H - a wand of iceblast (33)
 L - a wand of enslavement (11)
Scrolls
 a - 16 scrolls of remove curse
 c - 6 scrolls of fog
 i - 2 scrolls of identify
 u - 4 scrolls of magic mapping
Potions
 b - 4 potions of haste
 e - a potion of heal wounds
 h - 8 potions of mutation
 j - 4 potions of ambrosia
 n - 4 potions of flight
 t - 3 potions of might
 B - 16 potions of curing
 J - 3 potions of stabbing
 Z - 4 potions of resistance
Miscellaneous
 x - a lightning rod (4/4)
 E - a box of beasts (3/3)
 I - a tin of tremorstones (3/3)
 K - a condenser vane (2/2)
 P - a phantom mirror
 T - a box of beasts (3/3)


   Skills:
 * Level 20.4 Fighting
 * Level 21.8 Short Blades
 + Level 1.8 Throwing
 + Level 11.7 Armour
 + Level 12.6 Dodging
 + Level 0.2 Evocations


You had 19 spell levels left.
You didn't know any spells.
Your spell library contained the following spells:

 Spells                   Type           Power        Failure   Level
 Apportation              Tloc           #.....       89%         1
 Foxfire                  Conj/Fire      #...         89%         1
 Freeze                   Ice            #...         89%         1
 Shock                    Conj/Air       #...         89%         1
 Summon Small Mammal      Summ           #...         89%         1
 Call Imp                 Summ           #.......     96%         2
 Corpse Rot               Necr/Air       N/A          96%         2
 Sublimation of Blood     Necr           #.........   96%         2
 Swiftness                Air            #.......     96%         2
 Call Canine Familiar     Summ           #.......     99%         3
 Conjure Flame            Conj/Fire      #.......     99%         3
 Frozen Ramparts          Ice            #.....       99%         3
 Inner Flame              Hex/Fire       #.......     99%         3
 Lesser Beckoning         Tloc           #.........   99%         3
 Ozocubu's Armour         Ice            #.......     99%         3
 Static Discharge         Conj/Air       #.......     99%         3
 Summon Guardian Golem    Hex/Summ       #.......     99%         3
 Tukima's Dance           Hex            #.......     99%         3
 Airstrike                Air            #.........   100%        4
 Dispel Undead            Necr           #.......     100%        4
 Hailstorm                Conj/Ice       #.......     100%        4
 Leda's Liquefaction      Hex/Erth       #.........   100%        4
 Sticky Flame             Conj/Fire      #.......     100%        4
 Summon Ice Beast         Ice/Summ       #.......     100%        4
 Summon Lightning Spire   Summ/Air       #.......     100%        4
 Agony                    Necr           #.......     100%        5
 Alistair's Intoxication  Tmut/Pois      #........    100%        5
 Bolt of Magma            Conj/Fire/Erth #.........   100%        5
 Excruciating Wounds      Necr           #.........   100%        5
 Fireball                 Conj/Fire      #.........   100%        5
 Iskenderun's Battlesphe  Conj           #.......     100%        5
 Lightning Bolt           Conj/Air       #.........   100%        5
 Invisibility             Hex            #.......     100%        6
 Iron Shot                Conj/Erth      #.........   100%        6
 Statue Form              Tmut/Erth      #........    100%        6
 Orb of Destruction       Conj           #.........   100%        7
 Spellforged Servitor     Conj/Summ      #.........   100%        7
 Shatter                  Erth           #.........   100%        9


Dungeon Overview and Level Annotations

Branches:
Dungeon (15/15)            Temple (1/1) D:5            Lair (6/6) D:10
  Swamp (4/4) Lair:4        Snake (4/4) Lair:2        Slime (0/5) Lair:6
    Orc (2/2) D:11            Elf (0/3) Orc:2        Vaults (0/5) D:13
 Depths (1/5) D:15         Bailey (visited)         Volcano (visited)

Altars:
Ashenzari
Cheibriados
Dithmenos
Elyvilon
Fedhas
Gozag
Hepliaklqana
Kikubaaqudgha
Makhleb
Nemelex Xobeh
Okawaru
Qazlal
Ru
Sif Muna
Trog
Uskayaw
Vehumet
Wu Jian
Xom
Yredelemnul
Zin
The Shining One

Shops:
D:12 *   D:13 [   Orc:1 (}(!   Orc:2 ?***[*[   Swamp:2 !   Snake:2 }((:[
Snake:3 !   Snake:4 [}:

Portals:
Hell: Depths:1
Trove: D:11 (give 2 scrolls of acquirement)

Annotations:
D:6 2 transporters, thethe's ghost, novice DgCj
D:9 Gastronok
D:10 exclusion: orange crystal statue
Lair:5 3 runed translucent doors, Kiguq's ghost, journeyman VSSu
Depths:1 1 runed translucent door, exclusion: orange crystal statue, the Enchantress


Innate Abilities, Weirdness & Mutations

Your natural rate of healing is unusually fast.
You have razor-sharp teeth.
You have supernaturally acute eyesight. (SInv)
You can survive without breathing.


Message History

You completely miss the Enchantress.
The Enchantress is lightly wounded.
You feel much better.
The Enchantress hits you but does no damage.
The Enchantress blocks your attack.
You bite the Enchantress.
The Enchantress is lightly wounded.
The Enchantress hits you with a +4 vorpal flail!
* * * LOW HITPOINT WARNING * * *
x2 You puncture the Enchantress!
Your bite misses the Enchantress.
The Enchantress is moderately wounded.
The spriggan air mage waves its arms in wide circles.
The air twists around and violently strikes you in flight!!
* * * LOW HITPOINT WARNING * * *
You closely miss the Enchantress.
The Enchantress is moderately wounded.
The Enchantress hits you with a +4 vorpal flail!
* * * LOW HITPOINT WARNING * * *
x2 You blink.
The spriggan hits you with a +0 rapier!
You die...
Your body crumbles into a pile of gold.

###≈# $ $ #≈...
#..≈# #≈...
#..≈#?...8...[#≈.##
#..≈#.$(..$.|.#≈.#
#..≈#$..$$?(..#≈.#
###..≈#./[.!.($.#≈.#
#§#..≈# ./[|... #≈.#
##iii≈# ##+## #≈##
#i.i@≈#####≈#####≈#
####.≈≈≈≈≈≈≈≈≈≈≈≈≈#
#..#.#######...#
#....##...........
####.#..####'####.
#...##.......#
#..####.....###
#..#.###...###.
#..#..###'###..


You could see the Enchantress (fast, repels missiles, invisible), a spriggan air
mage (repels missiles) and 3 spriggans.

Vanquished Creatures
  Mara (Swamp:4)
  Nikola (Swamp:2)
  Asterion (Snake:4)
  Frances (Swamp:2)
  Agnes (Snake:4)
  2 thorn hunters
  Donald (Swamp:1)
  Kirke (Snake:1)
  7 nagarajas
  2 fire giants
  An orc warlord (Bailey)
  3 spriggan defenders (Depths:1)
  6 very ugly things
  Nessos (Lair:6)
  Azrael (D:12)
  3 spark wasps (Depths:1)
  2 fire dragons
  6 boulder beetles
  Fannar (Lair:2)
  Erolcha (D:9)
  12 naga warriors
  An ice dragon (Depths:1)
  A hell beast (Depths:1)
  A vault guard (D:13)
  25 hydras
  Erica (Orc:1)
  A ghost crab (Swamp:4)
  2 centaur warriors
  23 anacondas
  8 ogre magi
  39 two-headed ogres
  6 death yaks (Lair:6)
  A queen ant (Lair:3)
  2 death knights (D:15)
  12 alligators
  5 tengu warriors
  A deep troll earth mage (Depths:1)
  8 shock serpents
  Urug (D:11)
  10 naga sharpshooters
  A salamander mystic (Snake:4)
  A sea snake (Snake:1)
  A wizard (D:14)
  10 swamp dragons
  2 unseen horrors
  A harpy (D:13)
  3 spriggan druids
  4 deep trolls (Depths:1)
  A phantasmal warrior (D:15)
  An orc knight (D:15)
  5 naga ritualists
  8 mana vipers
  6 deep elf magi
  An orb spider (shapeshifter) (D:13)
  4 orc sorcerers
  7 ugly things
  2 manticores
  4 oklob plants
  13 salamanders
  29 elephants
  15 guardian serpents
  Maurice (D:9)
  A rust devil (Depths:1)
  30 black mambas
  23 naga magi
  A torpor snail (Lair:6)
  Psyche (D:9)
  Maggie (D:7)
  7 centaur skeletons
  22 cane toads
  22 komodo dragons
  A kobold demonologist (D:14)
  5 rime drakes
  An efreet (D:14)
  4 tengu conjurers
  A red devil (Depths:1)
  5 trolls
  10 polar bears
  3 meliai (D:15)
  9 hornets
  7 bog bodies
  34 blink frogs
  14 tyrant leeches
  18 slime creatures
  8 dream sheep (Lair:6)
  A frost giant simulacrum (Depths:1)
  A raiju (Lair:6)
  A deep troll skeleton (Depths:1)
  2 shadows
  2 vampires
  11 spriggans
  7 wraiths
  4 hogs (Snake:1)
  3 fire elementals (D:12)
  13 wyverns
  47 yaks
  6 fire bats (Volcano)
  4 basilisks
  7 steam dragons
  13 wargs
  47 nagas
  8 soldier ants
  15 insubstantial wisps
  11 water moccasins
  A soldier ant (shapeshifter) (D:13)
  12 swamp worms
  2 acid dragons (Lair:6)
  15 hell hounds
  5 ice beasts
  24 orc warriors
  6 sky beasts
  19 swamp drakes
  12 black bears
  An eye of draining (D:12)
  32 wolves
  10 centaurs
  43 ogres
  3 big kobolds
  16 bullfrogs
  A water moccasin zombie (D:8)
  8 scorpions
  A water moccasin skeleton (D:7)
  19 killer bees
  A howler monkey (D:5)
  8 wights
  4 electric eels
  7 bullfrog zombies
  A quasit (D:8)
  10 jellies
  2 centaur zombies
  4 hounds
  9 orc priests
  2 bullfrog skeletons
  20 orc wizards
  8 iguanas
  32 worker ants
  A killer bee zombie (D:8)
  A hound skeleton (D:4)
  2 worker ant zombies
  18 adders
  2 shadow imps
  3 ufetubi
  An adder skeleton (D:3)
  A worm (D:5)
  3 dart slugs
  6 leopard geckos
  87 orcs
  5 giant cockroaches
  6 goblins
  14 hobgoblins
  10 jackals
  6 quokkas
  3 ball pythons
  11 bats
  6 frilled lizards
  21 kobolds
  A leopard gecko skeleton (D:5)
  13 rats
  A briar patch (Swamp:3)
1314 creatures vanquished.

Vanquished Creatures (collateral kills)
  An insubstantial wisp (Swamp:4)
  A swamp drake (Swamp:4)
2 creatures vanquished.

Vanquished Creatures (others)
  A spriggan druid (Swamp:4)
  A steam dragon (Volcano)
  An orc (Orc:2)
  A leopard gecko skeleton (D:7)
  A briar patch (Swamp:3)
  24 fungi
  109 plants
138 creatures vanquished.

Grand Total: 1454 creatures vanquished

Notes
Turn   | Place    | Note
-------+----------+-------------------------------------------
     0 | D:1      | anKLM the Vampire Gladiator began the quest for the Orb.
     0 | D:1      | Reached XP level 1. HP: 16/16 MP: 1/1
   100 | D:1      | Reached XP level 2. HP: 21/22 MP: 2/2
   505 | D:1      | Reached XP level 3. HP: 27/27 MP: 3/3
   580 | D:2      | Noticed a scorpion
   595 | D:2      | Killed a scorpion
   595 | D:2      | Reached skill level 4 in Short Blades
   595 | D:2      | Reached XP level 4. HP: 19/33 MP: 4/4
   934 | D:2      | Reached skill level 1 in Armour
  1542 | D:3      | Reached XP level 5. HP: 38/38 MP: 5/5
  1870 | D:3      | Found a white marble altar of Elyvilon.
  2200 | D:4      | Reached skill level 5 in Short Blades
  2362 | D:4      | Found a white marble altar of Elyvilon.
  2415 | D:4      | Reached XP level 6. HP: 46/46 MP: 6/6
  2843 | D:4      | Found a basalt altar of Yredelemnul.
  2844 | D:4      | Found a sacrificial altar of Ru.
  2848 | D:4      | Found a glowing golden altar of the Shining One.
  2849 | D:4      | Found a shadowy altar of Dithmenos.
  2950 | D:5      | Entered Level 5 of the Dungeon
  2991 | D:5      | Reached skill level 6 in Short Blades
  3040 | D:5      | Found a broken altar of Ashenzari.
  3137 | D:5      | Found a staircase to the Ecumenical Temple.
  3143 | D:5      | Reached XP level 7. HP: 50/52 MP: 7/7
  3159 | D:5      | Found a shimmering altar of Xom.
  3202 | Temple   | Entered the Ecumenical Temple
  3329 | Temple   | Became a worshipper of Gozag Ym Sagoz the Greedy
  3734 | D:6      | Noticed a queen bee
  3749 | D:6      | Noticed thethe's ghost (novice DgCj)
  3758 | D:6      | Found a transporter.
  3762 | D:6      | Found a transporter.
  3854 | D:6      | Found an ancient bone altar of Kikubaaqudgha.
  3854 | D:6      | Found a blossoming altar of Fedhas.
  3902 | D:6      | Reached skill level 7 in Short Blades
  4113 | D:6      | Reached skill level 5 in Dodging
  4113 | D:6      | Reached XP level 8. HP: 9/61 MP: 8/8
  4751 | D:7      | Reached skill level 5 in Fighting
  4890 | D:7      | Found a shimmering blue altar of Sif Muna.
  4917 | D:7      | Reached skill level 8 in Short Blades
  5061 | D:7      | Noticed Maggie
  5089 | D:7      | Killed Maggie
  5148 | D:7      | Reached XP level 9. HP: 49/69 MP: 9/9
  5554 | D:8      | Noticed a two-headed ogre
  5591 | D:7      | Killed a two-headed ogre
  5591 | D:7      | Reached skill level 9 in Short Blades
  5591 | D:7      | Reached skill level 5 in Armour
  5735 | D:8      | Found a snail-covered altar of Cheibriados.
  5823 | D:8      | Reached XP level 10. HP: 79/79 MP: 10/10
  5892 | D:8      | Noticed a two-headed ogre
  5917 | D:8      | Killed a two-headed ogre
  5917 | D:8      | Reached skill level 10 in Short Blades
  5970 | D:8      | Noticed a two-headed ogre
  6005 | D:8      | Killed a two-headed ogre
  6225 | D:8      | Found a flagged portal.
  6232 | Bailey   | Entered a bailey
  6237 | Bailey   | Noticed an orc warlord
  6344 | Bailey   | Found a runed translucent gate.
  6346 | Bailey   | Found a runed translucent gate.
  6348 | Bailey   | Found a runed translucent gate.
  6570 | Bailey   | Killed an orc warlord
  6602 | Bailey   | Identified a scroll of acquirement
  6602 | Bailey   | Acquired the +9 rapier "Iresitel" {speed, rC+ Dex+6}
  6825 | D:8      | Found a burning altar of Makhleb.
  7191 | D:9      | Noticed Erolcha
  7192 | D:9      | Noticed Maurice
  7199 | D:9      | Killed Erolcha
  7199 | D:9      | Reached skill level 11 in Short Blades
  7199 | D:9      | Reached XP level 11. HP: 89/89 MP: 11/11
  7209 | D:9      | Killed Maurice
  7368 | D:9      | Found a bloodstained altar of Trog.
  7369 | D:9      | Found a sparkling altar of Nemelex Xobeh.
  7413 | D:9      | Noticed Psyche
  7424 | D:9      | Killed Psyche
  7562 | D:9      | Found a sparkling altar of Nemelex Xobeh.
  7565 | D:9      | Noticed Gastronok
  7789 | D:10     | Entered Level 10 of the Dungeon
  8115 | D:10     | Found a staircase to the Lair.
  8329 | D:10     | Noticed an orange crystal statue
  8734 | D:10     | Noticed a two-headed ogre
  8742 | D:10     | Killed a two-headed ogre
  8742 | D:10     | Reached skill level 12 in Short Blades
  8917 | D:11     | You fall into a shaft and drop 1 floor!
  9147 | D:12     | Noticed a tengu warrior
  9163 | D:12     | Killed a tengu warrior
  9163 | D:12     | Reached skill level 10 in Fighting
  9173 | D:12     | Bought a condenser vane (2/2) for 480 gold pieces
  9224 | D:12     | Noticed a two-headed ogre
  9245 | D:12     | Killed a two-headed ogre
  9482 | D:11     | Reached XP level 12. HP: 70/98 MP: 12/12
  9485 | D:11     | Found a staircase to the Orcish Mines.
  9567 | D:11     | Found a portal to a secret trove of treasure.
  9745 | D:11     | Reached skill level 13 in Short Blades
 10122 | D:11     | Noticed Urug
 10141 | D:11     | Killed Urug
 10576 | D:12     | Bought a brightly glowing plate armour for 672 gold pieces
 10586 | D:12     | Identified the +6 plate armour "Irih" {Str-3 Dex+5} (You
                  | bought it in a shop on level 12 of the Dungeon)
 10612 | D:12     | Noticed Azrael
 10627 | D:12     | Noticed a two-headed ogre
 10636 | D:12     | Killed a two-headed ogre
 10651 | D:12     | Killed Azrael
 11150 | D:13     | Noticed a boulder beetle
 11171 | D:13     | Killed a boulder beetle
 11214 | D:13     | Noticed a centaur warrior
 11215 | D:13     | Noticed a tengu warrior
 11216 | D:13     | Noticed a tengu warrior
 11224 | D:13     | Killed a centaur warrior
 11224 | D:13     | Reached skill level 14 in Short Blades
 11239 | D:13     | Killed a tengu warrior
 11259 | D:13     | Killed a tengu warrior
 11537 | D:13     | Found Xeinarem's Antique Armour Shoppe.
 11570 | D:13     | Bought a pair of embroidered boots for 172 gold pieces
 11570 | D:13     | Bought a runed helmet for 172 gold pieces
 11641 | D:13     | Noticed a two-headed ogre
 11694 | D:13     | Killed a two-headed ogre
 11722 | D:13     | Reached XP level 13. HP: 84/108 MP: 13/13
 12399 | D:13     | Found a gate to the Vaults.
 12861 | Lair:1   | Entered Level 1 of the Lair of Beasts
 13120 | Lair:1   | Reached skill level 10 in Dodging
 13775 | Lair:1   | Reached skill level 15 in Short Blades
 14056 | Lair:2   | Found a staircase to the Snake Pit.
 14210 | Lair:2   | Found a glowing silver altar of Zin.
 14213 | Lair:2   | Noticed Fannar
 14232 | Lair:2   | Killed Fannar
 14505 | Lair:2   | Reached XP level 14. HP: 107/119 MP: 14/14
 16032 | Lair:4   | Reached XP level 15. HP: 127/127 MP: 15/15
 16116 | Lair:4   | Reached skill level 16 in Short Blades
 16308 | Lair:4   | Found a staircase to the Swamp.
 16511 | Lair:4   | Reached skill level 15 in Fighting
 17175 | Lair:5   | Found a runed translucent gate.
 17175 | Lair:5   | Found a runed translucent gate.
 17175 | Lair:5   | Found a runed translucent gate.
 17176 | Lair:5   | Noticed Kiguq's ghost (journeyman VSSu)
 17824 | Lair:6   | Entered Level 6 of the Lair of Beasts
 18017 | Lair:6   | Got a dazzling ring mail
 18028 | Lair:6   | Identified the cursed +0 ring mail of Ashenzari's Hope
                  | {+Fly rF+ MR+ MP+9} (You found it on level 6 of the Lair of
                  | Beasts)
 18192 | Lair:6   | Found a staircase to the Slime Pits.
 18344 | Lair:6   | Reached skill level 17 in Short Blades
 18400 | Lair:6   | Reached XP level 16. HP: 115/137 MP: 16/16
 19294 | Lair:6   | Noticed Nessos
 19327 | Lair:6   | Killed Nessos
 20336 | Orc:1    | Entered Level 1 of the Orcish Mines
 20336 | Orc:1    | Found Terapr Naha's Weapon Emporium.
 20336 | Orc:1    | Found a dark tunnel.
 20355 | Volcano  | Entered a volcano
 20553 | Volcano  | Reached skill level 18 in Short Blades
 21044 | Orc:1    | Found Gyase's Gadget Shop.
 21366 | Orc:2    | Entered Level 2 of the Orcish Mines
 21384 | Orc:2    | Found Egom's General Store.
 21387 | Orc:2    | Found a staircase to the Elven Halls.
 21407 | Orc:2    | Bought the +6 chain mail of the Chupacabra {*Contam +Blink
                  | Regen+ Stlth+} for 685 gold pieces
 21437 | Orc:2    | Found Cydahoe's Armour Boutique.
 21445 | Orc:2    | Bought the +1 helmet of the Minstrel {Str+4 Dex+3} for 468
                  | gold pieces
 21568 | Orc:1    | Noticed Erica
 21577 | Orc:1    | Killed Erica
 21647 | Orc:1    | Found Ykysayh's Distillery.
 22215 | Orc:2    | Found Qeffuah's Assorted Antiques.
 22215 | Orc:2    | Found Nocweox's General Store.
 22215 | Orc:2    | Found Wosm's General Store.
 22215 | Orc:2    | Found Byrest's Magic Scroll Shop.
 22239 | Orc:2    | Reached XP level 17. HP: 118/147 MP: 17/17
 22338 | Orc:2    | Bought a scroll of blinking for 97 gold pieces
 22341 | Orc:2    | Bought a smoking helmet for 247 gold pieces
 22342 | Orc:2    | Bought a scroll of identify for 28 gold pieces
 22342 | Orc:2    | Bought a scroll of summoning for 133 gold pieces
 22346 | Orc:2    | Identified the +1 helmet "Ydafiut" {Harm rF- Dex+3 SInv}
                  | (You bought it in a shop on level 2 of the Orcish Mines)
 23648 | D:14     | Found the +12 glaive of Prune {vorpal}
 23792 | D:15     | Entered Level 15 of the Dungeon
 23792 | D:15     | Found a shadowy altar of Dithmenos.
 23846 | D:15     | Reached skill level 19 in Short Blades
 24186 | D:15     | HP: 1/148 [orc priest/divine providence[an orc knight]
                  | (13)]
 24395 | Orc:1    | Bought a potion of curing for 45 gold pieces
 24395 | Orc:1    | Bought a potion of curing for 45 gold pieces
 24395 | Orc:1    | Bought a potion of curing for 45 gold pieces
 24395 | Orc:1    | Bought a potion of heal wounds for 75 gold pieces
 24670 | D:15     | Found a staircase to the Depths.
 24850 | D:15     | Found a glowing golden altar of the Shining One.
 25114 | Swamp:1  | Entered Level 1 of the Swamp
 25280 | Swamp:1  | Noticed Donald
 25320 | Swamp:1  | Killed Donald
 25987 | Swamp:2  | Noticed Frances
 26007 | Swamp:2  | Killed Frances
 26451 | Swamp:2  | Noticed Nikola
 26479 | Swamp:2  | Killed Nikola
 26587 | Swamp:2  | Bought a potion of heal wounds for 80 gold pieces
 26587 | Swamp:2  | Bought a potion of curing for 48 gold pieces
 27770 | Swamp:4  | Entered Level 4 of the Swamp
 27810 | Swamp:4  | Noticed Mara
 27817 | Swamp:4  | Noticed anKLM's illusion
 27979 | Swamp:4  | Noticed anKLM's illusion
 28164 | Swamp:4  | Noticed anKLM's illusion
 28378 | Swamp:4  | Noticed anKLM's illusion
 28393 | Swamp:4  | Reached skill level 10 in Armour
 28393 | Swamp:4  | Reached XP level 18. HP: 146/158 MP: 18/18
 28898 | Swamp:4  | Noticed anKLM's illusion
 28907 | Swamp:4  | Killed Mara
 28907 | Swamp:4  | Reached skill level 20 in Short Blades
 29071 | Swamp:4  | Got a decaying rune of Zot
 29527 | Snake:1  | Entered Level 1 of the Snake Pit
 29873 | Snake:1  | Noticed Kirke
 29927 | Snake:1  | Killed Kirke
 30967 | Snake:2  | Found Luquzeas's Book Shop.
 30970 | Snake:2  | Found Xaloap's Armour Shop.
 30970 | Snake:2  | Found Viviokh's Antique Weapon Boutique.
 30973 | Snake:2  | Found Gyrir's Weapon Boutique.
 31541 | Snake:2  | Found Caniugg's Gadget Shoppe.
 31941 | Snake:3  | Bought a potion of curing for 36 gold pieces
 31941 | Snake:3  | Bought 2 potions of heal wounds for 120 gold pieces
 32592 | Snake:3  | Got a smoking ring mail
 32614 | Snake:3  | Identified the cursed +0 ring mail of the Crypt {-Cast
                  | rPois Regen+ Str+6} (You found it on level 3 of the Snake
                  | Pit)
 33007 | Snake:4  | Entered Level 4 of the Snake Pit
 33064 | Snake:4  | Found Jeivedit's Book Emporium.
 33066 | Snake:4  | Found Qaav Toucu's Gadget Shoppe.
 33068 | Snake:4  | Found Gixt's Armour Emporium.
 33113 | Snake:4  | Reached XP level 19. HP: 167/167 MP: 19/19
 33279 | Snake:4  | Identified the +2 glaive "Duby" {elec, rElec rF+} (You
                  | found it on level 4 of the Snake Pit)
 33292 | Snake:4  | Bought the +8 chain mail of Okawaru's Delight {rF+ rC++
                  | Int-2} for 1077 gold pieces
 33324 | Snake:4  | Noticed Asterion
 33383 | Snake:4  | Killed Asterion
 33686 | Snake:4  | Reached skill level 21 in Short Blades
 34437 | Snake:4  | Got a serpentine rune of Zot
 34670 | Snake:4  | Noticed Agnes
 34685 | Snake:4  | Killed Agnes
 35105 | Depths:1 | Entered Level 1 of the Depths
 35492 | Depths:1 | Noticed the Enchantress
 35493 | Depths:1 | Found an iron altar of Okawaru.
 35663 | Depths:1 | Found a runed translucent door.
 35765 | Depths:1 | Found a gateway to Hell.
 35862 | Depths:1 | Reached XP level 20. HP: 106/178 MP: 20/20
 35965 | Depths:1 | HP: 6/178 [the Enchantress/+4 vorpal flail (14)]
 35966 | Depths:1 | Slain by a spriggan

Illustrated notes

Levels and vault maps discovered:
D:1:      wheals_arrival_shading, layout_basic, chequers_serial_rivers_small_3
D:2:      layout_loops_corners
D:3:      layout_loops_cross, old_standard_altar
D:4:      layout_cave_pods, minitemple, elyvilon_altar_5
D:5:      layout_rooms, minmay_temple_entry_slanted, basic_altar, minivault_26,
          nicolae_ashenzari_panopticon
D:6:      layout_basic, grunt_temple_overflow_growth_and_decay,
          gammafunk_ghost_hive, minmay_misc_feat_hallway,
          chequers_serial_rivers_small_b, kennysheep_generic_room_13
D:7:      layout_loops_corners, kennysheep_mini_moat, uniq_maggie
D:8:      kennysheep_blocky_room, layout_basic, makhleb_heckhound_becter,
          enter_bailey_3, minivault_25, cheibriados_altar_1
D:9:      layout_rooms, gammafunk_temple_overflow_pools,
          nemelex_xobeh_ov_fountains_minmay, uniq_gastronok, uniq_erolcha,
          uniq_psyche, uniq_maurice
D:10:     layout_long_grid, erik_lair_dragon, minmay_protected_statue
D:11:     layout_loops_corners, minmay_orc_entry_guard_dogs, enter_trove_1,
          uniq_urug
D:12:     layout_irregular_city, st_stairs_4, minivault_25, minivault_22,
          minmay_misc_feat_five, kennysheep_generic_room_9, uniq_azrael
D:13:     layout_roguey, david_vaults_5, serial_shops, shop,
          corexii_hall_statues_t
D:14:     layout_loops_ring, serial_bayou_pond_c, minmay_guarded_unrand_prune
D:15:     grunt_enter_depths_giant_problem, layout_basic, tso_metal_star,
          nicolae_dithmenos_shadow_blocks
Temple:   jpeg_temple_clearing
Lair:1:   layout_roguey, eino_small_chamber_without_monster,
          serial_bayou_lagoon_a, grunt_megastairs_1, minmay_lair_oklob_chamber
Lair:2:   layout_chaotic_city, dummy_snake_entry, basic_altar,
          grunt_megastairs_3, uniq_fannar
Lair:3:   layout_loops_ring, zaba_antful_of_joy
Lair:4:   layout_cave_pods, nicolae_swamp_entry_splash_gauntlet
Lair:5:   layout_concentric_octagons, ebering_ghost_rock_garden
Lair:6:   guppyfry_lair_end_dragon, layout_loops_ring,
          hangedman_lair_caniforms_friends, dpeg_slime_entry_corner,
          grunt_megastairs_2, infiniplex_staircase_pool_2, uniq_nessos
Swamp:1:  layout_basic_swamp, evilmike_swamp_ruin_house_3, uniq_donald
Swamp:2:  layout_falls_marsh, evilmike_swamp_ruin_house_5, uniq_nikola,
          uniq_frances
Swamp:3:  layout_basic_swamp, evilmike_swamp_ruin_house_6
Swamp:4:  swamp, layout_basic_swamp, uniq_mara
Snake:1:  layout_chambers, serial_bayou_shore_a, uniq_kirke
Snake:2:  layout_grid_maze, serial_shops, nicolae_shop_behind_doors,
          nicolae_snake_single_loop, hangedman_snake_corridor_cut,
          minmay_shoptagon, lemuel_fruit_tree
Snake:3:  layout_gridlike
Snake:4:  grunt_snake_rune_serpentine_throne, layout_misc_corridors,
          nicolae_snake_serpentine_hallways, minmay_shop_star, uniq_agnes,
          uniq_asterion
Orc:1:    layout_caves, enter_volcano_1, serial_shops,
          nicolae_shop_temple_entry_statues_fountains, shop, shop,
          mines3_lemuel, uniq_erica
Orc:2:    st_orc_ogre_mass, layout_diamond_mine, serial_shops, shop, shop
Depths:1: layout_twisted_cross, grunt_mini_vestibule, basic_altar,
          gammafunk_ghost_berserking_beasts, minmay_crystal_box,
          uniq_enchantress

Skill      XL: |  1  2  3  4  5  6  7  8  9 10 11 12 13 14 15 16 17 18 19 |
---------------+----------------------------------------------------------+-----
Fighting       | 2 3 4 5 7 9 10 12 13 14 15 17 18 19 20 | 20.4
Short Blades   | 4 5 6 7 8 9 11 12 14 15 17 18 19 20 21 | 21.8
Dodging        | 4 5 7 8 9 10 11 12 | 12.6
Armour         | 1 2 3 4 5 6 7 8 10 11 | 11.7
Throwing       | |  1.8
Evocations     | |  0.2

Action                   |  1- 3 |  4- 6 |  7- 9 | 10-12 | 13-15 | 16-18 | 19-21 || total
-------------------------+-------+-------+-------+-------+-------+-------+-------++-------
Melee: Rapier            |    81 |   111 |       |   747 |  1356 |  3039 |   898 ||  6232
       Bite              |     7 |    19 |    44 |   167 |   295 |   684 |   217 ||  1433
       Dagger            |       |   101 |   387 |   184 |       |       |       ||   672
Throw: Throwing net      |       |       |     1 |       |       |       |       ||     1
Invok: Call Merchant     |       |       |       |     1 |       |     4 |       ||     5
 Abil: Evoke Blink       |       |       |       |       |       |       |     1 ||     1
Evoke: Wand              |       |       |       |     2 |       |       |       ||     2
  Use: Scroll            |     3 |     6 |     3 |    15 |    11 |    20 |     6 ||    64
       Potion            |       |       |       |     2 |     5 |    12 |     7 ||    26
 Stab: Distracted        |       |       |     5 |     6 |     8 |    26 |    13 ||    58
       Held in net/web   |       |       |     1 |       |       |       |       ||     1
       Confused          |       |       |       |       |       |     1 |       ||     1
Armor: Leather armour    |    23 |       |       |       |       |       |       ||    23
       Ring mail         |     7 |    57 |    88 |   190 |   247 |   150 |       ||   739
       Chain mail        |       |       |       |       |       |   528 |   232 ||   760
Dodge: Dodged            |    71 |   154 |   175 |   513 |   546 |  1355 |   376 ||  3190

Table legend: (Time is in decaauts)
 A = Elapsed time spent in this place.
 B = Non-inter-level travel time spent in this place.
 C = Inter-level travel time spent in this place.
 D = Time resting spent in this place.
 E = Time spent auto-exploring this place.
 F = Levels seen in this place.
 G = Mean time per level.
                   A        B        C        D        E       F      G
               +--------+--------+--------+--------+--------+-----+--------+
         Total |  31773 |  29439 |   2334 |    948 |  15801 |  35 |  907.8 |
       Dungeon |  13882 |  12812 |   1070 |    488 |   7305 |  15 |  925.5 |
        Temple |    137 |    117 |     20 |      0 |    115 |   1 |  137.0 |
          Lair |   6331 |   5897 |    434 |      0 |   3662 |   6 | 1055.2 |
         Swamp |   3700 |   3355 |    345 |    314 |   1828 |   4 |  925.0 |
     Snake Pit |   4509 |   4259 |    250 |     98 |   1941 |   4 | 1127.2 |
  Orcish Mines |   1674 |   1460 |    214 |      0 |    657 |   2 |  837.0 |
        Depths |    616 |    616 |      0 |     48 |      0 |   1 |  616.0 |
        Bailey |    345 |    345 |      0 |      0 |      0 |   1 |  345.0 |
       Volcano |    573 |    573 |      0 |      0 |    292 |   1 |  573.0 |
               +--------+--------+--------+--------+--------+-----+--------+

Top non-repeatable levels by time:
  Lair:6: 1710 daAuts
    D:13: 1551 daAuts
 Snake:4: 1388 daAuts
    D:10: 1244 daAuts
    D:11: 1225 daAuts
 Swamp:3: 1207 daAuts
  Lair:4: 1187 daAuts
 Snake:1: 1170 daAuts
     D:8: 1081 daAuts
     D:7: 1046 daAuts
    D:14: 1029 daAuts
 Snake:3: 1026 daAuts
   Orc:2: 1008 daAuts
    D:15: 939 daAuts
     D:2: 927 daAuts
